 Dungeon Crawl Stone Soup version 0.23-a0-33-g1e3a2e4 (webtiles) character file.

1463 riellis the Ruffian (level 8, -6/60 HPs)
             Began as a Demigod Transmuter on Aug 5, 2018.
             Mangled by an orc warrior
             ... wielding a +0 glaive
              (24 damage)
             ... on level 6 of the Dungeon.
             The game lasted 00:22:09 (7502 turns).

riellis the Ruffian (Demigod Transmuter)            Turns: 7502, Time: 00:22:09

Health: -6/60      AC:  2    Str: 17    XL:     8   Next: 24%
Magic:  15/17      EV: 21    Int: 17    God:
Gold:   37         SH:  0    Dex: 21    Spells: 11/15 levels left

rFire    . . .     SeeInvis .     - Unarmed
rCold    . . .     Gourm    .   (shield currently unavailable)
rNeg     + . .     Faith    .   (armour currently unavailable)
rPois    x         Spirit   .   (helmet currently unavailable)
rElec    .         Reflect  .   (cloak currently unavailable)
rCorr    .         Harm     .   (gloves currently unavailable)
MR       .....                  (boots currently unavailable)
Stlth    +.........             (no amulet)
HPRegen  0.20/turn              D - ring of attention (curse)
MPRegen  0.15/turn              v - ring of positive energy

@: spider-form (expiring)
A: tiny, high mp 1
a: End Transformation


You were on level 6 of the Dungeon.
You were near starving.
You were a venomous arachnid creature.
You visited 1 branch of the dungeon, and saw 7 of its levels.

You collected 329 gold pieces.
You spent 292 gold pieces at shops.

Inventory:

Hand Weapons
 i - a +0 shortbow
 l - a +1 falchion of slicing
 w - a +1 hand axe of electrocution
Missiles
 a - 82 arrows
 p - 76 sling bullets
 u - 2 steel tomahawks (quivered)
Armour
 b - a +0 robe
 f - a +0 helmet (melded)
 n - the cursed +0 leather armour of the Eagle (melded) {Int+3}
   (You bought it in a shop on level 4 of the Dungeon)

   It affects your intelligence (+3).
   It has a curse placed upon it.
 s - a +2 scale mail of magic resistance
 E - a +1 robe of magic resistance
Jewellery
 o - an uncursed ring of protection from magic
 v - a ring of positive energy (right front leg)
 D - a cursed ring of attention (left front leg)
Wands
 t - a wand of digging (9)
 B - a wand of polymorph (10)
 C - a wand of random effects (57)
Scrolls
 c - 3 scrolls of magic mapping
 g - 2 scrolls of amnesia
 h - 3 scrolls of teleportation
 x - a scroll of enchant armour
Potions
 e - 2 potions of lignification
 j - 3 potions of curing
 k - a potion of might {unknown}
 m - 3 potions of invisibility
 r - 2 potions of mutation
 z - a potion of heal wounds {unknown}
 A - 3 potions of degeneration
Comestibles
 d - 4 rations


   Skills:
 + Level 1.6 Fighting
 + Level 3.5 Armour
 + Level 2.5 Dodging
 + Level 1.1 Stealth
 * Level 7.0 Unarmed Combat
 + Level 4.0 Spellcasting
 + Level 3.7 Transmutations
 + Level 0.1 Poison Magic


You had 11 spell levels left.
You knew the following spells:

 Your Spells              Type           Power        Failure   Level  Hunger
a - Beastly Appendage     Tmut           ###...       12%         1    None
b - Spider Form           Tmut/Pois      #.........   43%         3    ###....

Your spell library contained the following spells:

 Spells                   Type           Power        Failure   Level  Hunger
 Blade Hands              Tmut           ###.......   85%         5    ######.
 Ice Form                 Ice/Tmut       #.......     78%         4    ####...
 Sticks to Snakes         Tmut           ###.....     16%         2    ##.....


Dungeon Overview and Level Annotations

Branches:
Dungeon (7/15)
 Temple: D:4-7

Shops:
D:4 :([[   D:5 *%%[

Annotations:
D:5 3 runed doors, riellis's ghost, novice DgSk
D:6 Menkaure


Innate Abilities, Weirdness & Mutations

You have an increased reservoir of magic. (+10% MP)


Message History

The cursed +0 leather armour of the Eagle {Int+3} melds into your body.
The orc warrior completely misses you.
There is a stone staircase leading up here.
The orc warrior misses you. The orc barely misses you.
You climb upwards.
Level annotation: Menkaure Your transformation is almost over.
There is a stone staircase leading down here.
You bite the orc!
You kill the orc!
The orc warrior misses you.
You hit the orc warrior.
The orc warrior is lightly wounded.
You bite the orc warrior!
The orc warrior looks as sick as possible!
The orc warrior is heavily wounded.
The orc warrior hits you with a glaive!!
* * * LOW HITPOINT WARNING * * *
The orc warrior hits you from afar with a glaive!!
You die...

#..#.#.# ..#..#..#.#.#
#.#..#..#..<#
#.#..#....#.#
#.#..#.##.#.#
#....#....#.#
#....#..#...#
#....#......#
#).s.#....#.#
##########.#>)######.#
#........#.#.o.......#
#.######.#.#.#########
#.# #.#.### #.# #.#.#
#.# #.#.# #.# #.#.#
#.######.#.#


You could see an orc warrior.

Vanquished Creatures
  Prince Ribbit (D:6)
  Grinder (D:5)
  Sigmund (D:2)
  A phantom (D:4)
  A centaur (D:5)
  A bullfrog (D:6)
  Blork the orc (D:5)
  2 scorpions
  A howler monkey (D:5)
  An orc priest (D:4)
  3 hounds (D:4)
  A jelly (D:4)
  Terence (D:2)
  A worker ant (D:4)
  2 orc wizards
  A worker ant zombie (D:3)
  Robin (D:2)
  4 adders
  An ooze (D:3)
  An adder zombie (D:3)
  4 adder skeletons
  4 worms
  2 dart slugs
  5 leopard geckos
  20 orcs
  5 bats
  6 giant cockroaches
  10 goblins
  5 hobgoblins
  11 jackals
  A quokka (D:3)
  3 ball pythons
  3 frilled lizards
  A jackal skeleton (D:3)
  7 kobolds
  2 leopard gecko skeletons (D:3)
  A leopard gecko zombie (D:3)
  A quokka skeleton (D:4)
  12 rats
130 creatures vanquished.

Notes
Turn   | Place    | Note
-------+----------+-------------------------------------------
     0 | D:1      | riellis the Demigod Transmuter began the quest for the Orb.
     0 | D:1      | Reached XP level 1. HP: 15/15 MP: 5/5
   228 | D:1      | Reached skill level 3 in Unarmed Combat
   336 | D:1      | Reached skill level 1 in Fighting
   472 | D:1      | Reached XP level 2. HP: 19/23 MP: 5/7
  1152 | D:2      | Noticed Robin
  1161 | D:2      | Killed Robin
  1161 | D:2      | Reached XP level 3. HP: 15/28 MP: 6/8
  1456 | D:2      | Found a hazy altar of Hepliaklqana.
  1466 | D:2      | Noticed Terence
  1591 | D:2      | Killed Terence
  1756 | D:2      | Reached XP level 4. HP: 35/35 MP: 7/10
  2141 | D:2      | Noticed Sigmund
  2168 | D:2      | Killed Sigmund
  2168 | D:2      | Reached skill level 4 in Unarmed Combat
  2168 | D:2      | Reached XP level 5. HP: 19/40 MP: 11/11
  3119 | D:3      | Reached XP level 6. HP: 47/47 MP: 11/13
  3134 | D:3      | Reached skill level 5 in Unarmed Combat
  4052 | D:4      | Found Adeadid's Antique Armour Shop.
  4427 | D:4      | Found Keru's Armour Boutique.
  4504 | D:4      | Reached skill level 1 in Armour
  4791 | D:4      | Found Hikhlepp's Antique Weapon Boutique.
  4904 | D:4      | Reached XP level 7. HP: 52/52 MP: 12/14
  5131 | D:4      | Found Ligac's Book Boutique.
  5156 | D:4      | Reached skill level 6 in Unarmed Combat
  5655 | D:4      | Bought a glowing falchion for 138 gold pieces
  5728 | D:5      | Entered Level 5 of the Dungeon
  5755 | D:5      | Found Dexumok's Food Boutique.
  5768 | D:5      | Found Byturh Bijin's Antique Armour Shop.
  5858 | D:5      | Noticed Grinder
  5866 | D:5      | Noticed Blork the orc
  5875 | D:5      | Killed Grinder
  5875 | D:5      | Reached skill level 1 in Stealth
  6018 | D:5      | Killed Blork the orc
  6276 | D:5      | Learned a level 3 spell: Spider Form
  6334 | D:5      | Reached XP level 8. HP: 59/59 MP: 14/16
  6359 | D:5      | Found Hooddaos's Food Emporium.
  6407 | D:5      | Noticed riellis's ghost (novice DgSk)
  6408 | D:5      | Found a runed gate.
  6408 | D:5      | Found a runed gate.
  6408 | D:5      | Found a runed gate.
  6418 | D:5      | Found a roughly hewn altar of Beogh.
  6785 | D:5      | Found Eprelaz's Assorted Antiques.
  7005 | D:4      | Bought a black opal-encrusted leather armour for 154 gold pieces
  7015 | D:4      | Identified the cursed +0 leather armour of the Eagle {Int+3} (You bought it in a shop on level 4 of the Dungeon)
  7242 | D:6      | Noticed Prince Ribbit
  7252 | D:6      | Killed Prince Ribbit
  7252 | D:6      | Reached skill level 7 in Unarmed Combat
  7421 | D:6      | Noticed Menkaure
  7502 | D:6      | Mangled by an orc warrior

Vault maps used:
D:1:      sevenhm_arrival_forest_fort_small_4, minmay_misc_feat_nine_boxes
D:2:      lemuel_doored_altar, uniq_sigmund, uniq_terence, uniq_robin
D:3:      cheibrodos_old_hovel, serial_undead, serial_undead_a, serial_undead_f,
          serial_undead_c, serial_undead_a, serial_undead_d, serial_undead_c
D:4:      first_ration, serial_shops, nicolae_shop_overgrown_old_shop, shop,
          shop_coins, kennysheep_little_box
D:5:      cheibrodos_quashed, biasface_ghost_orc_armoury, serial_shops,
          nicolae_shop_overgrown_old_shop, shop, shop, shop, uniq_blork_the_orc,
          uniq_grinder
D:6:      uniq_edmund, uniq_prince_ribbit1, uniq_menkaure
D:7:      minmay_temple_entry_butterflies, serial_shops,
          nicolae_shop_window_shopping, uniq_joseph

Skill      XL: |  1  2  3  4  5  6  7  8 |
---------------+-------------------------+-----
Unarmed Combat | 3 4 5 6 7 |  7.0
Fighting       | 1 |  1.6
Transmutations | 2 3 |  3.7
Spellcasting   | 2 3 4 |  4.0
Dodging        | 2 |  2.5
Armour         | 1 3 |  3.5
Stealth        | 1 |  1.1
Poison Magic   | |  0.1

Action                   |  1- 3 |  4- 6 |  7- 9 || total
-------------------------+-------+-------+-------++-------
Melee: Unarmed           |    99 |   243 |    78 ||   420
       Kick              |    19 |    66 |    27 ||   112
       Headbutt          |     7 |       |       ||     7
       Punch             |     2 |     6 |     3 ||    11
       Falchion          |       |       |     2 ||     2
 Cast: Beastly Appendage |    21 |    35 |    15 ||    71
       Spider Form       |       |       |     2 ||     2
  Use: Scroll            |       |     5 |     9 ||    14
 Stab: Sleeping          |     1 |       |       ||     1
  Eat: Chunk             |     3 |    10 |     7 ||    20
Armor: Robe              |    16 |       |       ||    16
       Scale mail        |     2 |    89 |    13 ||   104
       Leather armour    |       |       |     2 ||     2
Dodge: Dodged            |    39 |   128 |    37 ||   204
       Rpst.: Falchion   |       |       |     1 ||     1

Table legend:
 A = Spawn XP
 B = Non-spawn XP
 C = Spawn XP percentage of total XP
 D = Spawn monster count
 E = Non-spawn monster count
 F = Spawn count percentage of total count
 G = Total turns spent on level
                    A         B        C        D         E        F      G
               +---------+---------+-------+---------+---------+-------+---------
         Total |       0 |    2090 |   0.0 |       0 |     130 |   0.0 |  7502
               +---------+---------+-------+---------+---------+-------+---------
           D:1 |       0 |      30 |   0.0 |       0 |      17 |   0.0 |   941
           D:2 |       0 |     332 |   0.0 |       0 |      25 |   0.0 |  1569
           D:3 |       0 |     191 |   0.0 |       0 |      53 |   0.0 |  1158
           D:4 |       0 |     541 |   0.0 |       0 |      23 |   0.0 |  2227
           D:5 |       0 |     606 |   0.0 |       0 |       8 |   0.0 |  1273
           D:6 |       0 |     390 |   0.0 |       0 |       4 |   0.0 |   326
               +---------+---------+-------+---------+---------+-------+---------
